NYP
STATEN ISLAND YANKEES @ LOS ANGELES (NYP) ANGELS
09/17/2049
 
TOP OF THE 1ST
Staten Island Yankees batting - Pitching for Los Angeles (NYP) Angels : RHP Kunihiro Sasaki
Pitching: RHP Kunihiro Sasaki
Batting: LHB Carlos Palau 0-0: Ball
1-0: Ground out U3 (Groundball, 3, EV 81.2 MPH)
Batting: LHB Justin Short 0-0: Called Strike
0-1: Foul Ball, location: 2F
0-2: Ball
1-2: Ball
2-2: Ball
3-2: SINGLE (Groundball, 4MD, EV 88.1 MPH) (infield hit)
Batting: RHB Pat Pemberton 0-0: Called Strike
0-1: Foul Ball, location: 2F
0-2: Ball
1-2: Ball
2-2: Grounds into double play, 5-4-3 (Groundball, 56, EV 98.1 MPH)
Top of the 1st over - 0 runs, 1 hit, 0 errors, 0 left on base; Staten Island 0 - Los Angeles (NYP) 0
BOTTOM OF THE 1ST
Los Angeles (NYP) Angels batting - Pitching for Staten Island Yankees : RHP Eric Patrick
Pitching: RHP Eric Patrick
Batting: RHB Ken Hillman 0-0: Foul Ball, location: 2F
0-1: Ball
1-1: Ground out 5-3 (Groundball, 56, EV 90.0 MPH)
Batting: RHB Scott Webb 0-0: Called Strike
0-1: Ball
1-1: Ball
2-1: Swinging Strike
2-2: Ball
3-2: Fly out, F7 (Line Drive, 7S, EV 96.2 MPH)
Batting: LHB Mario Anguiano 0-0: Called Strike
0-1: Foul Ball, location: 2F
0-2: Ball
1-2: Foul Ball, location: 2F
1-2: Ball
2-2: Ball
3-2: Fly out, F7 (Flyball, 78D, EV 103.1 MPH)
Bottom of the 1st over - 0 runs, 0 hits, 0 errors, 0 left on base; Staten Island 0 - Los Angeles (NYP) 0
TOP OF THE 2ND
Staten Island Yankees batting - Pitching for Los Angeles (NYP) Angels : RHP Kunihiro Sasaki
Batting: RHB Brad Wren 0-0: Ground out 4-3 (Groundball, 4, EV 101.9 MPH)
Batting: SHB Adam Slade 0-0: Called Strike
0-1: Foul Ball, location: 2F
0-2: Ball
1-2: Ground out 4-3 (Groundball, 4, EV 84.4 MPH)
Batting: RHB Edite Leoni 0-0: SINGLE (Groundball, 4M, EV 108.8 MPH) (infield hit)
Batting: LHB Dario Segura 0-0: Foul Ball, location: 2F
0-1: Ball
1-1: SINGLE (Groundball, 56D, EV 102.5 MPH)
Edite Leoni to second
Batting: LHB Danny de Leon 0-0: Called Strike
0-1: Ball
1-1: Reached on error, E4 (Groundball, 4, EV 103.8 MPH)
Edite Leoni to third
Dario Segura to second
Batting: RHB Danny Ayala 0-0: Ball
1-0: Called Strike
1-1: Ball
2-1: Fly out, F9 (Flyball, 9D, EV 91.2 MPH)
Top of the 2nd over - 0 runs, 2 hits, 1 error, 3 left on base; Staten Island 0 - Los Angeles (NYP) 0
BOTTOM OF THE 2ND
Los Angeles (NYP) Angels batting - Pitching for Staten Island Yankees : RHP Eric Patrick
Batting: LHB Edgar van der Meeren 0-0: Foul Ball, location: 2F
0-1: Ball
1-1: Swinging Strike
1-2: Fly out, F7 (Flyball, 7, EV 82.5 MPH)
Batting: RHB Dan Myers 0-0: Ball
1-0: Ball
2-0: Called Strike
2-1: Ball
3-1: Ground out U3 (Groundball, 34S, EV 92.5 MPH)
Batting: RHB Kyle Gray 0-0: Called Strike
0-1: Foul Ball, location: 2F
0-2: Ball
1-2: Hit by Pitch
Batting: RHB Aaron Bryant 0-0: Called Strike
0-1: Ball
1-1: Ball
Pickoff Throw to First - Out! 1-3
Bottom of the 2nd over - 0 runs, 0 hits, 0 errors, 0 left on base; Staten Island 0 - Los Angeles (NYP) 0
TOP OF THE 3RD
Staten Island Yankees batting - Pitching for Los Angeles (NYP) Angels : RHP Kunihiro Sasaki
Batting: LHB Carlos Palau 0-0: Foul Ball, location: 2F
0-1: Ball
1-1: SINGLE (Groundball, 56D, EV 100.6 MPH)
Batting: LHB Justin Short 0-0: Foul Ball, location: 2F
0-1: Foul Ball, location: 2F
0-2: Ball
1-2: Foul Ball, location: 2F
1-2: Ball
2-2: SINGLE (Line Drive, 34, EV 106.2 MPH)
Carlos Palau to second
Batting: RHB Pat Pemberton 0-0: 3-RUN HOME RUN (Flyball, 9D, EV 96.2 MPH), Distance : 381 ft
Batting: RHB Brad Wren 0-0: Ball
1-0: Called Strike
1-1: Ground out 4-3 (Groundball, 4, EV 103.8 MPH)
Batting: SHB Adam Slade 0-0: Ball
1-0: Foul Ball, location: 2F
1-1: Ball
2-1: Ball
3-1: Base on Balls
Batting: RHB Edite Leoni 0-0: Ball
1-0: Ball
2-0: Ball
3-0: SINGLE (Flyball, 78S, EV 92.5 MPH)
Adam Slade to second
Batting: LHB Dario Segura 0-0: Called Strike
0-1: Called Strike
0-2: SINGLE (Groundball, 34D, EV 105.6 MPH)
Adam Slade to third
Edite Leoni to second
Batting: LHB Danny de Leon 0-0: Called Strike
0-1: Swinging Strike
0-2: Ball
1-2: Ball
2-2: Strikes out looking
Batting: RHB Danny Ayala 0-0: Ball
1-0: Ball
2-0: Ground out 4-3 (Groundball, P, EV 88.8 MPH)
Top of the 3rd over - 3 runs, 5 hits, 0 errors, 3 left on base; Staten Island 3 - Los Angeles (NYP) 0
BOTTOM OF THE 3RD
Los Angeles (NYP) Angels batting - Pitching for Staten Island Yankees : RHP Eric Patrick
Batting: RHB Aaron Bryant 0-0: Ball
1-0: Foul Ball, location: 2F
1-1: Ground out 6-3 (Groundball, 6M, EV 103.8 MPH)
Batting: LHB Jamie Diebel 0-0: Ball
1-0: Foul Ball, location: 2F
1-1: Called Strike
1-2: Ball
2-2: SINGLE (Line Drive, 6D, EV 94.4 MPH)
Batting: RHB Ron Major 0-0: Ball
1-0: Ball
2-0: Ball
3-0: Base on Balls
Jamie Diebel to second
Batting: RHB Ken Hillman 0-0: Called Strike
0-1: Ball
1-1: Swinging Strike
1-2: Strikes out looking
Batting: RHB Scott Webb 0-0: Ball
Passed Ball!
Jamie Diebel to third
Ron Major to second
1-0: Swinging Strike
1-1: Ball
2-1: Foul Ball, location: 2F
2-2: Ground out 1-3 (Groundball, 13S, EV 61.9 MPH)
Bottom of the 3rd over - 0 runs, 1 hit, 0 errors, 2 left on base; Staten Island 3 - Los Angeles (NYP) 0
TOP OF THE 4TH
Staten Island Yankees batting - Pitching for Los Angeles (NYP) Angels : RHP Kunihiro Sasaki
Batting: LHB Carlos Palau 0-0: Ball
1-0: Foul Ball, location: 2F
1-1: Fly out, F8 (Line Drive, 8LM, EV 94.4 MPH)
Batting: LHB Justin Short 0-0: Ball
1-0: Swinging Strike
1-1: Ground out 4-3 (Groundball, 4S, EV 77.5 MPH)
Batting: RHB Pat Pemberton 0-0: Foul Ball, location: 2F
0-1: Called Strike
0-2: Strikes out swinging
Top of the 4th over - 0 runs, 0 hits, 0 errors, 0 left on base; Staten Island 3 - Los Angeles (NYP) 0
BOTTOM OF THE 4TH
Los Angeles (NYP) Angels batting - Pitching for Staten Island Yankees : RHP Eric Patrick
Batting: LHB Mario Anguiano 0-0: Ball
1-0: Swinging Strike
1-1: Ground out 4-3 (Groundball, 4, EV 88.1 MPH)
Batting: LHB Edgar van der Meeren 0-0: Ball
1-0: Ball
2-0: Foul Ball, location: 2F
2-1: Reached on error, E5 (Groundball, 6, EV 82.5 MPH)
Batting: RHB Dan Myers 0-0: Grounds into double play, 6-4-3 (Groundball, 6, EV 99.4 MPH)
Bottom of the 4th over - 0 runs, 0 hits, 1 error, 0 left on base; Staten Island 3 - Los Angeles (NYP) 0
TOP OF THE 5TH
Staten Island Yankees batting - Pitching for Los Angeles (NYP) Angels : RHP Kunihiro Sasaki
Batting: RHB Brad Wren 0-0: Called Strike
0-1: Ball
1-1: Foul Ball, location: 2F
1-2: Ball
2-2: Foul Ball, location: 2F
2-2: Foul Ball, location: 2F
2-2: Ball
3-2: SINGLE (Flyball, 78S, EV 98.1 MPH)
Batting: SHB Adam Slade 0-0: Ball
1-0: Fielders Choice at 2nd, 6-4 (Groundball, 6, EV 103.8 MPH)
Batting: RHB Edite Leoni 0-0: Ball
1-0: Called Strike
1-1: Ball
2-1: Fielders Choice at 2nd, 5-4 (Groundball, 56, EV 107.5 MPH)
Pitching: RHP Victor Padilla
Batting: LHB Dario Segura 0-0: Ball
1-0: Foul Ball, location: 2F
1-1: Foul Ball, location: 2F
1-2: Strikes out swinging
Top of the 5th over - 0 runs, 1 hit, 0 errors, 1 left on base; Staten Island 3 - Los Angeles (NYP) 0
BOTTOM OF THE 5TH
Los Angeles (NYP) Angels batting - Pitching for Staten Island Yankees : RHP Eric Patrick
Batting: RHB Kyle Gray 0-0: Called Strike
0-1: Called Strike
0-2: Ball
1-2: Fly out, F8 (Flyball, 78D, EV 86.9 MPH)
Batting: RHB Aaron Bryant 0-0: Ball
1-0: Ball
2-0: Foul Ball, location: 2F
2-1: Ball
3-1: Base on Balls
Batting: LHB Jamie Diebel 0-0: DOUBLE (Line Drive, 89D, EV 111.9 MPH)
Aaron Bryant to third
Batting: RHB Ron Major 0-0: Ground out 6-3 (Groundball, 6, EV 89.4 MPH)
Aaron Bryant scores
Batting: RHB Ken Hillman 0-0: Swinging Strike
0-1: Ball
Wild Pitch!
Jamie Diebel to third
1-1: Called Strike
1-2: Strikes out swinging
Bottom of the 5th over - 1 run, 1 hit, 0 errors, 1 left on base; Staten Island 3 - Los Angeles (NYP) 1
TOP OF THE 6TH
Staten Island Yankees batting - Pitching for Los Angeles (NYP) Angels : RHP Victor Padilla
Batting: LHB Danny de Leon 0-0: Swinging Strike
0-1: Called Strike
0-2: Ball
1-2: Strikes out looking
Batting: RHB Danny Ayala 0-0: Hit by Pitch
Batting: LHB Carlos Palau 0-0: Called Strike
0-1: Ball
1-1: Foul Ball, location: 2F
1-2: Hit by Pitch
Danny Ayala to second
Batting: LHB Justin Short 0-0: Swinging Strike
0-1: SINGLE (Groundball, 4MD, EV 95.6 MPH)
Danny Ayala to third
Carlos Palau to second
Batting: RHB Pat Pemberton 0-0: Foul Ball, location: 2F
0-1: Swinging Strike
0-2: Ball
1-2: Ball
2-2: Foul Ball, location: 2F
2-2: Strikes out looking
Batting: RHB Brad Wren 0-0: Swinging Strike
0-1: Swinging Strike
0-2: Ball
1-2: Foul Ball, location: 2F
1-2: Strikes out looking
Top of the 6th over - 0 runs, 1 hit, 0 errors, 3 left on base; Staten Island 3 - Los Angeles (NYP) 1
BOTTOM OF THE 6TH
Los Angeles (NYP) Angels batting - Pitching for Staten Island Yankees : RHP Eric Patrick
Pitching: LHP Loo Lei
Batting: RHB Scott Webb 0-0: Reached on error, E5 (Groundball, 56S, EV 91.2 MPH)
Batting: LHB Mario Anguiano 0-0: Swinging Strike
0-1: Ball
1-1: Ball
2-1: Foul Ball, location: 2F
2-2: Ball
3-2: Fly out, F4 (Popup, 34, EV 63.1 MPH)
Batting: LHB Edgar van der Meeren 0-0: Ball
1-0: Ground out 1-3 (Groundball, 15S, EV 76.2 MPH)
Batting: RHB Dan Myers 0-0: Ball
1-0: Swinging Strike
1-1: SINGLE (Line Drive, 4D, EV 99.4 MPH)
Scott Webb to third
Runner from 3rd tries for Home, SAFE, throw by RF to home
Dan Myers to second
Batting: RHB Kyle Gray 0-0: Foul Ball, location: 2F
0-1: Foul Ball, location: 2F
0-2: SINGLE (Flyball, 78S, EV 99.4 MPH)
Dan Myers to third
Runner from 3rd tries for Home, SAFE, throw by CF to home
Batting: RHB Aaron Bryant 0-0: Fly out, F7 (Flyball, 78XD, EV 104.4 MPH)
Bottom of the 6th over - 2 runs, 2 hits, 1 error, 1 left on base; Staten Island 3 - Los Angeles (NYP) 3
TOP OF THE 7TH
Staten Island Yankees batting - Pitching for Los Angeles (NYP) Angels : RHP Victor Padilla
Batting: SHB Adam Slade 0-0: Swinging Strike
0-1: Swinging Strike
0-2: Ball
1-2: Strikes out looking
Batting: RHB Edite Leoni 0-0: SINGLE (Groundball, 6D, EV 97.5 MPH)
Batting: LHB Dario Segura 0-0: Called Strike
0-1: Foul Ball, location: 2F
0-2: Ball
1-2: Foul Ball, location: 2F
1-2: Ball
2-2: Ball
3-2: Foul Ball, location: 2F
3-2: Fielders Choice at 2nd, 1-6 (Groundball, 34S, EV 63.1 MPH)
Pitching: RHP Chris Adams
Batting: LHB Danny de Leon 0-0: Ball
1-0: Ball
2-0: Foul Ball, location: 2F
2-1: Ball
3-1: Foul Ball, location: 2F
3-2: Strikes out looking
Top of the 7th over - 0 runs, 1 hit, 0 errors, 1 left on base; Staten Island 3 - Los Angeles (NYP) 3
BOTTOM OF THE 7TH
Los Angeles (NYP) Angels batting - Pitching for Staten Island Yankees : LHP Loo Lei
Batting: LHB Jamie Diebel 0-0: Foul Ball, location: 2F
0-1: Foul Ball, location: 2F
0-2: Ground out 4-3 (Groundball, 4S, EV 86.9 MPH)
Batting: RHB Ron Major 0-0: Ball
1-0: Ball
2-0: Ground out 6-3 (Groundball, 6, EV 105.6 MPH)
Batting: RHB Ken Hillman 0-0: Ball
1-0: SINGLE (Line Drive, 7S, EV 106.9 MPH)
Batting: RHB Scott Webb 0-0: Ball
Ken Hillman is caught stealing 2nd base 2-4
Bottom of the 7th over - 0 runs, 1 hit, 0 errors, 0 left on base; Staten Island 3 - Los Angeles (NYP) 3
TOP OF THE 8TH
Staten Island Yankees batting - Pitching for Los Angeles (NYP) Angels : RHP Chris Adams
Batting: RHB Danny Ayala 0-0: Ball
1-0: Fly out, F8 (Flyball, 8RXD, EV 100.6 MPH)
Batting: LHB Carlos Palau 0-0: Called Strike
0-1: Ball
1-1: Ball
2-1: Ball
3-1: Ground out 4-3 (Groundball, 13, EV 87.5 MPH)
Batting: LHB Justin Short 0-0: Called Strike
0-1: Ball
1-1: Ball
2-1: Foul Ball, location: 2F
2-2: Ground out 4-3 (Groundball, 4S, EV 85.0 MPH)
Top of the 8th over - 0 runs, 0 hits, 0 errors, 0 left on base; Staten Island 3 - Los Angeles (NYP) 3
BOTTOM OF THE 8TH
Los Angeles (NYP) Angels batting - Pitching for Staten Island Yankees : LHP Loo Lei
Batting: RHB Scott Webb 0-0: SINGLE (Groundball, 4MD, EV 99.4 MPH)
Pinch Hitting: RHB Ivan Barrientos 0-0: Ball
Scott Webb is caught stealing 2nd base 2-4
1-0: Ground out 2-3 (Groundball, 13S, EV 65.6 MPH)
Batting: LHB Edgar van der Meeren 0-0: Called Strike
0-1: Called Strike
0-2: Strikes out swinging
Bottom of the 8th over - 0 runs, 1 hit, 0 errors, 0 left on base; Staten Island 3 - Los Angeles (NYP) 3
TOP OF THE 9TH
Staten Island Yankees batting - Pitching for Los Angeles (NYP) Angels : RHP Chris Adams
Now at 1B: Matthew Bale
Batting: RHB Pat Pemberton 0-0: Ball
1-0: Ball
2-0: Called Strike
2-1: Ball
3-1: Foul Ball, location: 2F
3-2: Foul Ball, location: 2F
3-2: Foul Ball, location: 2F
3-2: Strikes out swinging
Batting: RHB Brad Wren 0-0: Called Strike
0-1: Ball
1-1: Foul Ball, location: 2F
1-2: Strikes out swinging
Batting: SHB Adam Slade 0-0: Called Strike
0-1: Called Strike
0-2: Strikes out swinging
Top of the 9th over - 0 runs, 0 hits, 0 errors, 0 left on base; Staten Island 3 - Los Angeles (NYP) 3
BOTTOM OF THE 9TH
Los Angeles (NYP) Angels batting - Pitching for Staten Island Yankees : LHP Loo Lei
Batting: RHB Dan Myers 0-0: Called Strike
0-1: Ball
1-1: Fly out, F8 (Flyball, 8RXD, EV 100.0 MPH)
Batting: RHB Kyle Gray 0-0: Ball
1-0: Called Strike
1-1: Ball
2-1: Ball
3-1: Foul Ball, location: 2F
3-2: SINGLE (Line Drive, 9S, EV 105.6 MPH)
Pitching: RHP Francisco Rosado
Pinch Hitting: SHB Yuya Hirata 0-0: Ball
1-0: Sac Bunt to 23 - play at first, batter OUT! 3-4
Kyle Gray to second
Batting: LHB Jamie Diebel 0-0: Intentional Walk
Batting: RHB Ron Major 0-0: Ball
Wild Pitch!
Kyle Gray to third
Jamie Diebel to second
1-0: Ball
2-0: Fly out, F9 (Flyball, 9, EV 84.4 MPH)
Bottom of the 9th over - 0 runs, 1 hit, 0 errors, 2 left on base; Staten Island 3 - Los Angeles (NYP) 3
TOP OF THE 10TH
Staten Island Yankees batting - Pitching for Los Angeles (NYP) Angels : RHP Chris Adams
Now in RF: Malachi Ephron
Batting: RHB Edite Leoni 0-0: Fly out, F9 (Flyball, 9, EV 79.4 MPH)
Batting: LHB Dario Segura 0-0: Ball
1-0: Foul Ball, location: 2F
1-1: Ball
2-1: Ground out 6-3 (Groundball, 6, EV 93.1 MPH)
Batting: LHB Danny de Leon 0-0: Called Strike
0-1: Ball
1-1: Swinging Strike
1-2: Foul Ball, location: 2F
1-2: Foul Ball, location: 2F
1-2: Strikes out swinging
Top of the 10th over - 0 runs, 0 hits, 0 errors, 0 left on base; Staten Island 3 - Los Angeles (NYP) 3
BOTTOM OF THE 10TH
Los Angeles (NYP) Angels batting - Pitching for Staten Island Yankees : RHP Francisco Rosado
Pitching: RHP Matt Elliott
Batting: RHB Ken Hillman 0-0: Ball
1-0: Ground out 6-3 (Groundball, 6, EV 108.1 MPH)
Batting: RHB Scott Webb 0-0: Called Strike
0-1: Swinging Strike
0-2: Ball
1-2: Strikes out looking
Batting: LHB Matthew Bale 0-0: SINGLE (Groundball, 4M, EV 103.1 MPH) (infield hit)
Batting: LHB Edgar van der Meeren 0-0: Ball
1-0: Fielders Choice at 2nd, 6-5 (Groundball, 6M, EV 108.8 MPH)
Bottom of the 10th over - 0 runs, 1 hit, 0 errors, 1 left on base; Staten Island 3 - Los Angeles (NYP) 3
TOP OF THE 11TH
Staten Island Yankees batting - Pitching for Los Angeles (NYP) Angels : RHP Chris Adams
Pitching: RHP Troy Ingram
Batting: RHB Danny Ayala 0-0: Ball
1-0: SINGLE (Groundball, 34S, EV 70.6 MPH) (infield hit)
Batting: LHB Carlos Palau 0-0: Bunted foul
0-1: Sac Bunt to 3S - play at first, batter OUT! 3-4
Danny Ayala to second
Batting: LHB Justin Short 0-0: Intentional Walk
Batting: RHB Pat Pemberton 0-0: Called Strike
0-1: Called Strike
0-2: Foul Ball, location: 2F
0-2: Strikes out swinging
Batting: RHB Brad Wren 0-0: Called Strike
0-1: Ball
1-1: Ball
2-1: Ground out 2-3 (Groundball, 15S, EV 73.1 MPH)
Top of the 11th over - 0 runs, 1 hit, 0 errors, 2 left on base; Staten Island 3 - Los Angeles (NYP) 3
BOTTOM OF THE 11TH
Los Angeles (NYP) Angels batting - Pitching for Staten Island Yankees : RHP Matt Elliott
Batting: RHB Dan Myers 0-0: Foul Ball, location: 2F
0-1: Foul Ball, location: 2F
0-2: Ball
1-2: Foul Ball, location: 2F
1-2: Ball
2-2: Ball
3-2: Ground out U3 (Groundball, 13, EV 89.4 MPH)
Batting: RHB Kyle Gray 0-0: Foul Ball, location: 2F
0-1: Ground out 5-3 (Groundball, 56S, EV 88.1 MPH)
Batting: RHB Malachi Ephron 0-0: Swinging Strike
0-1: Ball
1-1: Called Strike
1-2: Ball
2-2: Strikes out swinging
Bottom of the 11th over - 0 runs, 0 hits, 0 errors, 0 left on base; Staten Island 3 - Los Angeles (NYP) 3
TOP OF THE 12TH
Staten Island Yankees batting - Pitching for Los Angeles (NYP) Angels : RHP Troy Ingram
Batting: SHB Adam Slade 0-0: Called Strike
0-1: Called Strike
0-2: Foul Ball, location: 2F
0-2: Foul Ball, location: 2F
0-2: Ball
1-2: Ball
2-2: Strikes out swinging
Pitching: RHP Adam Hefner
Batting: RHB Edite Leoni 0-0: Called Strike
0-1: Ground out 4-3 (Groundball, 4, EV 94.4 MPH)
Batting: LHB Dario Segura 0-0: Called Strike
0-1: Ball
1-1: Called Strike
1-2: Strikes out swinging passed ball, reaches first!
Batting: LHB Danny de Leon 0-0: Fly out, F8 (Flyball, 8RD, EV 80.0 MPH)
Top of the 12th over - 0 runs, 0 hits, 0 errors, 1 left on base; Staten Island 3 - Los Angeles (NYP) 3
BOTTOM OF THE 12TH
Los Angeles (NYP) Angels batting - Pitching for Staten Island Yankees : RHP Matt Elliott
Pitching: RHP Nate LaCava
Batting: LHB Jamie Diebel 0-0: Called Strike
0-1: DOUBLE (Line Drive, 78D, EV 113.8 MPH)
Batting: RHB Ron Major 0-0: Swinging Strike
0-1: Ball
1-1: Foul Ball, location: 2F
1-2: Ball
2-2: Strikes out swinging
Batting: RHB Ken Hillman 0-0: Foul Ball, location: 2F
0-1: Ball
1-1: Fly out, F1 (Line Drive, P, EV 74.4 MPH)
Batting: RHB Scott Webb 0-0: Swinging Strike
0-1: Fly out, F8 (Flyball, 8RD, EV 101.2 MPH)
Bottom of the 12th over - 0 runs, 1 hit, 0 errors, 1 left on base; Staten Island 3 - Los Angeles (NYP) 3
TOP OF THE 13TH
Staten Island Yankees batting - Pitching for Los Angeles (NYP) Angels : RHP Adam Hefner
Batting: RHB Danny Ayala 0-0: Ball
1-0: Called Strike
1-1: Fly out, F9 (Flyball, 9S, EV 85.0 MPH)
Batting: LHB Carlos Palau 0-0: Foul Ball, location: 2F
0-1: DOUBLE (Groundball, 3L, EV 100.0 MPH)
Batting: LHB Justin Short 0-0: Intentional Walk
Batting: RHB Pat Pemberton 0-0: Ball
1-0: Called Strike
1-1: Ball
2-1: Called Strike
2-2: Foul Ball, location: 2F
2-2: Strikes out swinging
Pitching: RHP Manuel Vega
Batting: RHB Brad Wren 0-0: Ball
1-0: Ball
2-0: Ball
3-0: Called Strike
3-1: Foul Ball, location: 2F
3-2: Base on Balls
Carlos Palau to third
Justin Short to second
Batting: SHB Adam Slade 0-0: Ball
1-0: Ball
2-0: Swinging Strike
2-1: Foul Ball, location: 2F
2-2: Foul Ball, location: 2F
2-2: Strikes out swinging
Top of the 13th over - 0 runs, 1 hit, 0 errors, 3 left on base; Staten Island 3 - Los Angeles (NYP) 3
BOTTOM OF THE 13TH
Los Angeles (NYP) Angels batting - Pitching for Staten Island Yankees : RHP Nate LaCava
Batting: LHB Matthew Bale 0-0: Ball
1-0: Fly out, F9 (Line Drive, 9LS, EV 93.1 MPH)
Batting: LHB Edgar van der Meeren 0-0: Called Strike
0-1: Ball
1-1: Ball
2-1: Ground out 6-3 (Groundball, P, EV 87.5 MPH)
Batting: RHB Dan Myers 0-0: Called Strike
0-1: Ground out 6-3 (Groundball, 6, EV 80.0 MPH)
Bottom of the 13th over - 0 runs, 0 hits, 0 errors, 0 left on base; Staten Island 3 - Los Angeles (NYP) 3
TOP OF THE 14TH
Staten Island Yankees batting - Pitching for Los Angeles (NYP) Angels : RHP Manuel Vega
Pitching: RHP Humberto Paniagua
Batting: RHB Edite Leoni 0-0: Ball
1-0: Called Strike
1-1: Ground out U3 (Groundball, 34, EV 89.4 MPH)
Batting: LHB Dario Segura 0-0: Ball
1-0: Ball
2-0: Ball
3-0: Called Strike
3-1: Called Strike
3-2: Strikes out looking
Batting: LHB Danny de Leon 0-0: Called Strike
0-1: Swinging Strike
0-2: Strikes out swinging, 2-3 out at first.
Top of the 14th over - 0 runs, 0 hits, 0 errors, 0 left on base; Staten Island 3 - Los Angeles (NYP) 3
BOTTOM OF THE 14TH
Los Angeles (NYP) Angels batting - Pitching for Staten Island Yankees : RHP Nate LaCava
Batting: RHB Kyle Gray 0-0: Ball
1-0: Ball
2-0: Called Strike
2-1: Ground out U3 (Groundball, 34, EV 102.5 MPH)
Batting: RHB Malachi Ephron 0-0: Swinging Strike
0-1: Foul Ball, location: 2F
0-2: Ball
1-2: Foul Ball, location: 2F
1-2: Ball
2-2: Strikes out swinging
Pitching: RHP Kenny Samuels
Batting: LHB Jamie Diebel 0-0: Foul Ball, location: 2F
0-1: Foul Ball, location: 2F
0-2: Fly out, F9 (Flyball, 9D, EV 98.1 MPH)
Bottom of the 14th over - 0 runs, 0 hits, 0 errors, 0 left on base; Staten Island 3 - Los Angeles (NYP) 3
TOP OF THE 15TH
Staten Island Yankees batting - Pitching for Los Angeles (NYP) Angels : RHP Humberto Paniagua
Batting: RHB Danny Ayala 0-0: Foul Ball, location: 2F
0-1: Foul Ball, location: 2F
0-2: Ball
1-2: Ball
2-2: Foul Ball, location: 2F
2-2: Ball
3-2: Base on Balls
Pitching: RHP Simon Vogel
Batting: LHB Carlos Palau 0-0: Sac Bunt to 2L - play at second, runner OUT! 2-6
Batting: LHB Justin Short 0-0: SINGLE (Groundball, 3D, EV 106.9 MPH)
Carlos Palau to second
Runner from 2nd tries for 3rd, SAFE, throw by RF made to third
Batting: RHB Pat Pemberton 0-0: Foul Ball, location: 2F
0-1: Ball
1-1: Ball
2-1: SINGLE (Groundball, 34D, EV 109.4 MPH)
Carlos Palau scores
Justin Short to second
Runner from 2nd tries for 3rd, SAFE, throw by RF made to third
Batting: RHB Brad Wren 0-0: Ball
1-0: Swinging Strike
1-1: Foul Ball, location: 2F
1-2: Ball
2-2: Ball
3-2: SINGLE (Line Drive, 9S, EV 104.4 MPH)
Justin Short scores
Pat Pemberton to second
Batting: SHB Adam Slade 0-0: Ball
1-0: Called Strike
1-1: SINGLE (Groundball, 34D, EV 97.5 MPH)
Pat Pemberton to third
Brad Wren to second
Runner from 3rd tries for Home, SAFE, throw by RF to home
Batting: RHB Edite Leoni 0-0: Called Strike
0-1: Foul Ball, location: 2F
0-2: Ball
1-2: Ball
2-2: Foul Ball, location: 2F
2-2: SINGLE (Line Drive, 56, EV 96.2 MPH)
Brad Wren to third
Adam Slade to second
Batting: LHB Dario Segura 0-0: Fly out, F8 (Flyball, 8LS, EV 89.4 MPH)
Batting: LHB Danny de Leon 0-0: Ball
1-0: Ball
2-0: Swinging Strike
2-1: Fly out, F9 (Flyball, 9D, EV 89.4 MPH)
Top of the 15th over - 3 runs, 5 hits, 0 errors, 3 left on base; Staten Island 6 - Los Angeles (NYP) 3
BOTTOM OF THE 15TH
Los Angeles (NYP) Angels batting - Pitching for Staten Island Yankees : RHP Kenny Samuels
Batting: RHB Ron Major 0-0: Ball
1-0: Called Strike
1-1: Ball
2-1: Swinging Strike
2-2: Strikes out looking
Batting: RHB Ken Hillman 0-0: SINGLE (Groundball, 4MS, EV 62.5 MPH) (infield hit)
Batting: RHB Scott Webb 0-0: Swinging Strike
0-1: Foul Ball, location: 2F
0-2: Ball
1-2: Strikes out swinging
Batting: LHB Matthew Bale 0-0: Fielders Choice at 2nd, U6 (Groundball, 6M, EV 108.1 MPH)
Bottom of the 15th over - 0 runs, 1 hit, 0 errors, 1 left on base; Staten Island 6 - Los Angeles (NYP) 3
Sunday, July 16th , 2023 - OOTP Baseball 24.6 Build 69